 Dungeon Crawl Stone Soup version 0.28-a0-706-gf6f64a616a (webtiles) character file.

Game seed: 6792165361239999051

102 KoroneIsBestGirl the Chiller (level 4, -7/30 HPs)
             Began as a Barachi Ice Elementalist on Oct 24, 2021.
             Mangled by Sigmund (9 damage)
             ... on level 2 of the Dungeon.
             The game lasted 00:01:25 (1463 turns).

KoroneIsBestGirl the Chiller (BaIE)                 Turns: 1463, Time: 00:01:26

Health: -7/30      AC:  2    Str:  8 (10) XL:     4   Next: 77%
Magic:  5/8        EV: 12    Int: 13 (16) God:
Gold:   43         SH:  0    Dex: 11 (12) Spells: 5/9 levels left

rFire   . . .      SeeInvis .   c - +0 dagger
rCold   . . .      Faith    .   (no shield)
rNeg    . . .      Spirit   .   a - +0 robe
rPois   .          Reflect  .   (no helmet)
rElec   .          Harm     .   (no cloak)
rCorr   .          Rampage  .   (no gloves)
Will    .....                   (no boots)
Stlth   +.........              (no amulet)
HPRegen 0.10/turn               (no ring)
MPRegen 0.11/turn               (no ring)

@: confused, unable to hop, attractive, slow
A: amphibious, slowness 1, strong legs 1, +LOS
a: Hop


You were on level 2 of the Dungeon.
You visited 1 branch of the dungeon, and saw 2 of its levels.

You collected 43 gold pieces.

Inventory:

Hand Weapons
 c - a +0 dagger (weapon)
Armour
 a - a +0 robe (worn)
Scrolls
 b - a scroll of noise {unknown}
 d - a scroll of blinking {unknown}
 f - a scroll of enchant weapon {unknown}
 g - a scroll of fog {unknown}
 h - a scroll of holy word {unknown}
 i - a scroll of fear {unknown}


   Skills:
 + Level 3.5 Dodging
 - Level 1.7 Stealth
 + Level 3.3 Spellcasting
 + Level 5.7 Ice Magic


You had 5 spell levels left.
You knew the following spells:

 Your Spells              Type           Power      Damage    Failure   Level
a - Freeze                Ice            68%        1d8       1%          1
b - Frozen Ramparts       Ice            34%        1d5       6%          3

Your spell library contained the following spells:

 Spells                   Type           Power      Damage    Failure   Level
 Ozocubu's Armour         Ice            17%        N/A       6%          3
 Hailstorm                Conj/Ice       9%         3d4       56%         4


Dungeon Overview and Level Annotations

Branches:
Dungeon (2/15)

Altars:

Annotations:
D:2 Sigmund


Innate Abilities, Weirdness & Mutations

You are amphibious.
You cover ground slowly.
You can hop short distances.
You have an extended range of vision and can be seen from far away.


Message History

Unknown command.
You hit the endoplasm.
The endoplasm is almost dead.
The wall freezes the ball python.
You kill the ball python!
The wall freezes the ball python.
You kill the ball python!
The wall freezes the endoplasm.
You kill the endoplasm!
The wall freezes the hobgoblin.
You kill the hobgoblin!
The wall freezes the goblin.
The wall freezes something.
You closely miss the goblin.
The goblin is severely wounded.
The wall freezes the goblin.
You kill the goblin!
The wall freezes something.
Something hits you!
* * * LOW HITPOINT WARNING * * *
The wall freezes the goblin.
Your legs are too worn out to hop.
Your frozen ramparts will break if you move.
Continue? [Y]es or [N]o only, please.
Your frozen ramparts will break if you move.
Continue?
The frozen ramparts melt away as you move.
Something tries to affect you, but you resist.
You are confused.
It was a potion of attraction.
You feel attractive to monsters.
You are more confused.
Something is attracted toward you. The goblin is attracted toward you.
It was a potion of degeneration.
There was something very wrong with that liquid.
You feel weakened.
You feel dopey.
You feel clumsy. Something hits you but does no damage.
You're too confused to cast spells.
You bump into the rock wall.
A goblin is nearby!
You are too confused!
Something hits you!
You die...

##...## #.#
###.(...#.... #####
.# ####.......
####....### #.....###
## #.....### #.
#........ #.
###.....####
##.#####.........##
#..@.{g).#........#
#########ยง.........#
#..........#
.........(...
#.......g.!....
####.........$.
##.........#
..........#
..........#


You could see a goblin.

Vanquished Creatures
  A scorpion (D:2)
  An adder (D:2)
  A worm (D:2)
  A dart slug (D:1)
  2 ball pythons (D:2)
  2 endoplasms (D:2)
  A giant cockroach (D:1)
  5 goblins
  5 hobgoblins
  A quokka (D:1)
  A bat (D:1)
  A kobold (D:1)
  2 rats (D:1)
24 creatures vanquished.

Notes
Turn   | Place    | Note
-------+----------+-------------------------------------------
     0 | D:1      | KoroneIsBestGirl the Barachi Ice Elementalist began the
                  | quest for the Orb.
     0 | D:1      | Reached XP level 1. HP: 13/13 MP: 3/3
   276 | D:1      | Reached skill level 5 in Ice Magic
   276 | D:1      | Reached XP level 2. HP: 10/19 MP: 3/5
  1209 | D:2      | Noticed a scorpion
  1215 | D:2      | Killed a scorpion
  1216 | D:2      | Reached XP level 3. HP: 17/24 MP: 1/7
  1216 | D:2      | Reached XP level 4. HP: 22/30 MP: 1/8
  1220 | D:2      | Learned a level 3 spell: Frozen Ramparts
  1441 | D:2      | Noticed Sigmund
  1463 | D:2      | Mangled by Sigmund

Illustrated notes

Levels and vault maps discovered:
D:1:      dpeg_arrival_castle, layout_loops_corners, minmay_misc_feat_five
D:2:      layout_rooms, kennysheep_generic_room_8, uniq_sigmund, uniq_robin

Skill      XL: |  1  2 |
---------------+-------+-----
Ice Magic      | 5 |  5.7
Dodging        | 3 |  3.5
Spellcasting   | 3 |  3.3
Stealth        | |  1.7

Action                   |  1- 3 |  4- 6 || total
-------------------------+-------+-------++-------
Melee: Dagger            |     8 |     5 ||    13
       Unarmed           |     2 |       ||     2
 Cast: Freeze            |    25 |     8 ||    33
       Frozen Ramparts   |       |     1 ||     1
 Abil: Hop               |       |     1 ||     1
  Use: Potion            |       |     2 ||     2
Armor: Robe              |     3 |     4 ||     7
Dodge: Dodged            |    17 |     3 ||    20

Table legend: (Time is in decaauts)
 A = Elapsed time spent in this place.
 B = Non-inter-level travel time spent in this place.
 C = Inter-level travel time spent in this place.
 D = Time resting spent in this place.
 E = Time spent auto-exploring this place.
 F = Levels seen in this place.
 G = Mean time per level.
                   A        B        C        D        E       F      G
               +--------+--------+--------+--------+--------+-----+--------+
         Total |   1616 |   1588 |     28 |      0 |   1422 |   2 |  808.0 |
       Dungeon |   1616 |   1588 |     28 |      0 |   1422 |   2 |  808.0 |
               +--------+--------+--------+--------+--------+-----+--------+

Top non-repeatable levels by time:
     D:1: 1287 daAuts
     D:2: 328 daAuts
